 Dungeon Crawl Stone Soup version 0.25-a0-464-g3004169c2b (webtiles) character file.

Game seed: 5664146990407031776, levelgen mode: deterministic

2412 Kohma the Cleaver (level 9, -20/81 HPs)
             Began as a Minotaur Berserker on Feb 4, 2020.
             Was a High Priest of Trog.
             Demolished by a two-headed ogre
             ... wielding a +0 giant spiked club
              (23 damage)
             ... on level 8 of the Dungeon.
             The game lasted 00:16:51 (7154 turns).

Kohma the Cleaver (Minotaur Berserker)              Turns: 7154, Time: 00:16:51

Health: -20/81     AC:  9    Str: 25    XL:     9   Next: 23%
Magic:  2/2        EV: 11    Int:  4    God:    Trog [*****.]
Gold:   328        SH:  0    Dex: 10    Spells: 8/8 levels left

rFire    + . .     SeeInvis +   y - +3 battleaxe (antimagic)
rCold    . . .     Gourm    .   (shield currently unavailable)
rNeg     . . .     Faith    .   g - +2 scale mail of the Grue {rF+ Dex-4 SInv}
rPois    .         Spirit   .   (helmet restricted)
rElec    .         Reflect  .   (no cloak)
rCorr    +         Harm     .   (no gloves)
MR       .....                  (no boots)
Stlth    ..........             (no amulet)
HPRegen  0.23/turn              d - +4 ring of dexterity
MPRegen  0.08/turn              v - ring of resist corrosion

@: no status effects
A: retaliatory headbutt, horns 2
a: Berserk, Trog's Hand, Brothers in Arms, Renounce Religion


You were on level 8 of the Dungeon.
You worshipped Trog.
Trog was extremely pleased with you.
You were not hungry.

You visited 2 branches of the dungeon, and saw 9 of its levels.
You also visited: Sewer.

You collected 328 gold pieces.

Inventory:

Hand Weapons
 a - a +0 vorpal war axe
 b - a +3 short sword of venom
 y - a +3 antimagic battleaxe (weapon)
Missiles
 e - 26 poisoned darts (quivered)
Armour
 g - the +2 scale mail of the Grue (worn) {rF+ Dex-4 SInv}
   (You found it on level 5 of the Dungeon)

   It affects your dexterity (-4).
   It protects you from fire.
   It lets you see invisible.
   If you remove this armour, your AC will fall 9 points (9 -> 0)
 s - a +1 buckler
Jewellery
 d - a +4 ring of dexterity (left hand)
 v - a ring of resist corrosion (right hand)
 x - an uncursed ring of ice
Wands
 C - a wand of random effects (13)
Scrolls
 f - 2 scrolls of noise
 j - 2 scrolls of blinking
 l - 4 scrolls of remove curse
 o - a scroll of enchant weapon
 r - a scroll of magic mapping
 t - 3 scrolls of fog
 B - a scroll of identify
Potions
 h - 4 potions of curing
 i - a potion of heal wounds
 k - a potion of brilliance
 m - a potion of invisibility {unknown}
 n - a potion of berserk rage
 q - a potion of lignification {unknown}
 u - a potion of might
 w - 2 potions of haste
 z - a potion of cancellation {unknown}
 A - a potion of flight {unknown}
Comestibles
 c - 5 rations
 p - 11 chunks of flesh


   Skills:
 + Level 7.8 Fighting
 * Level 11.5 Axes
 - Level 6.0 Armour
 - Level 2.1 Dodging
 - Level 4.0 Shields


You had 8 spell levels left.
You didn't know any spells.
Your spell library was empty.

Dungeon Overview and Level Annotations

Branches:
Dungeon (8/15)             Temple (1/1) D:7           Sewer (visited)
   Lair: D:8-11

Altars:
Ashenzari
Cheibriados
Dithmenos
Elyvilon
Gozag
Hepliaklqana
Kikubaaqudgha
Makhleb
Nemelex Xobeh
Okawaru
Qazlal
Ru
Sif Muna
Trog
Uskayaw
Vehumet
Wu Jian
Xom
Yredelemnul
Zin
The Shining One


Innate Abilities, Weirdness & Mutations

You reflexively headbutt those who attack you in melee.
You have a pair of horns on your head.


Message History

The two-headed ogre hits you with a +0 giant spiked club!!
* * * LOW HITPOINT WARNING * * *
The two-headed ogre closely misses you.
You hear a shout!
You feel much better. The gnoll hits you but does no damage.
A gnoll sergeant comes into view. It is wielding a +0 trident.
There is an open door here.
You see here a bullfrog skeleton.
You slash the two-headed ogre! You headbutt the two-headed ogre.
The two-headed ogre is severely wounded.
The two-headed ogre hits you with a +0 giant spiked club!
* * * LOW HITPOINT WARNING * * *
The two-headed ogre closely misses you.
You slash the two-headed ogre!
The two-headed ogre is almost dead.
The gnoll sergeant hits you but does no damage.
The two-headed ogre hits you with a +0 giant spiked club!!
* * * LOW HITPOINT WARNING * * *
The two-headed ogre hits you with a +0 giant club!!
You die...

.........#...
#############.#...
#.............#...
#.#############...
#.#....gg.... ...
#.#.####...#.
#.#g# .# #.#g#
#@#.# #O#.# #
#g#.######.#
#g#........#
#.###.....##..
#...'.........
#####.....###.
#.....# #.....#


You could see a two-headed ogre, a gnoll sergeant and a gnoll.

Vanquished Creatures
  A hippogriff (D:7)
  Sigmund (D:5)
  3 phantoms
  3 ogres
  A centaur (D:7)
  6 bullfrogs
  2 scorpions
  A water moccasin skeleton (D:5)
  6 wights
  A crimson imp (D:5)
  A centaur zombie (D:8)
  A hound (D:2)
  2 orc priests (D:6)
  3 iguanas
  5 orc wizards
  A worker ant (D:7)
  A hound zombie (D:5)
  3 hound skeletons
  9 adders
  3 gnolls (D:2)
  A shadow imp (D:5)
  An ooze (D:1)
  4 adder zombies (D:2)
  An adder skeleton (D:2)
  4 worms
  2 dart slugs (D:1)
  6 leopard geckos
  19 orcs
  A bat skeleton (D:2)
  A bat zombie (D:2)
  13 giant cockroaches
  9 goblins
  7 hobgoblins
  9 jackals
  8 kobolds
  4 quokkas
  5 ball pythons
  3 bats
  13 frilled lizards
  A giant cockroach zombie (D:2)
  3 leopard gecko skeletons
  A quokka skeleton (D:2)
  A quokka zombie (D:7)
  6 rats
177 creatures vanquished.

Notes
Turn   | Place    | Note
-------+----------+-------------------------------------------
     0 | D:1      | Kohma the Minotaur Berserker began the quest for the Orb.
     0 | D:1      | Reached XP level 1. HP: 19/19 MP: 0/0
   141 | D:1      | Reached skill level 4 in Axes
   165 | D:1      | Reached XP level 2. HP: 27/27 MP: 1/1
   345 | D:1      | Reached XP level 3. HP: 10/33 MP: 2/2
   725 | D:1      | Reached ** piety under Trog
  1633 | D:2      | Reached XP level 4. HP: 40/40 MP: 3/3
  1646 | D:2      | Reached skill level 5 in Axes
  1754 | D:2      | Reached XP level 5. HP: 41/47 MP: 4/4
  2933 | D:4      | Noticed an ogre
  3020 | D:4      | Reached skill level 1 in Shields
  3087 | D:4      | Noticed an ogre
  3096 | D:4      | Killed an ogre
  3096 | D:4      | Reached *** piety under Trog
  3096 | D:4      | Reached skill level 5 in Fighting
  3096 | D:4      | Reached skill level 6 in Axes
  3096 | D:4      | Reached XP level 6. HP: 54/56 MP: 5/5
  3492 | D:4      | Reached XP level 7. HP: 55/61 MP: 6/6
  3501 | D:4      | Reached skill level 7 in Axes
  3659 | D:4      | Found a glowing silver altar of Zin.
  3777 | D:5      | Entered Level 5 of the Dungeon
  3777 | D:5      | Noticed Sigmund
  3806 | D:4      | Reached skill level 5 in Armour
  3855 | D:5      | Killed Sigmund
  3855 | D:5      | Reached skill level 8 in Axes
  4010 | D:5      | Found a basalt altar of Yredelemnul.
  4105 | D:5      | Reached XP level 8. HP: 68/68 MP: 7/7
  4249 | D:5      | Got a brightly glowing scale mail
  4258 | D:5      | Found a sacrificial altar of Ru.
  4276 | D:5      | Identified the +2 scale mail of the Grue {rF+ Dex-4 SInv}
                  | (You found it on level 5 of the Dungeon)
  4320 | D:5      | Found an opulent altar of Gozag.
  4376 | D:6      | Found a glowing drain.
  4436 | Sewer    | Entered a sewer
  4449 | Sewer    | Reached **** piety under Trog
  4647 | Sewer    | Reached skill level 9 in Axes
  5949 | D:6      | Reached skill level 10 in Axes
  6352 | D:7      | Found a staircase to the Ecumenical Temple.
  6358 | D:7      | Reached ***** piety under Trog
  6358 | D:7      | Received a gift from Trog
  6369 | Temple   | Entered the Ecumenical Temple
  6599 | D:7      | Noticed a hippogriff
  6608 | D:7      | Killed a hippogriff
  6608 | D:7      | Reached skill level 11 in Axes
  6608 | D:7      | Reached XP level 9. HP: 37/79 MP: 2/8
  6851 | D:7      | Found a glowing golden altar of the Shining One.
  7129 | D:8      | Noticed a two-headed ogre
  7154 | D:8      | HP: 3/81 [two-headed ogre/+0 giant spiked club (21)]
  7154 | D:8      | Demolished by a two-headed ogre

Levels and vault maps discovered:
D:1:      lightli_arrival_statue_moat, layout_loops_ring, st_stairs_5
D:2:      layout_loops_ring, serial_undead, serial_undead_d, serial_undead_b,
          serial_undead_f, serial_undead_d, serial_undead_f, serial_undead_d,
          serial_undead_a, serial_undead_c
D:3:      layout_basic
D:4:      layout_basic, zin_scriptorium
D:5:      layout_rooms, lemuel_coloured_pillars_altar,
          yredelemnul_altar_generic, kennysheep_little_box, first_ration,
          hangedman_decor_diamond_cutter, st_stairs_10, corner_web_ring,
          uniq_sigmund
D:6:      layout_basic, gup_sewer_entry_glass
D:7:      layout_rooms, tso_metal_star, temple_fountains
D:8:      layout_basic, fedhas_ov_isle_minmay, uniq_maurice
Temple:   nicolae_temple_elliptical

Skill      XL: |  1  2  3  4  5  6  7  8 |
---------------+-------------------------+-----
Axes           | 4 5 6 8 11 | 11.5
Fighting       | 4 5 7 |  7.8
Armour         | 3 4 5 6 |  6.0
Shields        | 2 3 4 |  4.0
Dodging        | |  2.1

Action                   |  1- 3 |  4- 6 |  7- 9 || total
-------------------------+-------+-------+-------++-------
Melee: Hand axe          |    48 |       |       ||    48
       Headbutt          |     9 |    23 |    47 ||    79
       Short sword       |    26 |   104 |   184 ||   314
       War axe           |       |       |    35 ||    35
       Battleaxe         |       |       |    32 ||    32
  Use: Scroll            |       |     3 |    14 ||    17
       Potion            |       |       |     1 ||     1
  Eat: Chunk             |     2 |     6 |    12 ||    20
Armor: Leather armour    |    18 |     1 |       ||    19
       Scale mail        |       |    26 |    70 ||    96
Dodge: Dodged            |    52 |    55 |   106 ||   213
Block: Buckler           |       |     8 |    39 ||    47

Table legend:
 A = Non-vault XP
 B = Vault XP
 C = Vault XP percentage of total XP
 D = Non-vault monster count
 E = Vault monster count
 F = Vault count percentage of total count
                 A         B        C        D         E       F
            +---------+---------+-------+---------+---------+-------
      Total |    3044 |     402 |  11.7 |     139 |      38 |  21.5
            +---------+---------+-------+---------+---------+-------
        D:1 |      61 |       2 |   3.2 |      30 |       2 |   6.2
        D:2 |     139 |      35 |  20.1 |      19 |      10 |  34.5
        D:3 |      37 |       0 |   0.0 |      12 |       0 |   0.0
        D:4 |     659 |       0 |   0.0 |      23 |       0 |   0.0
        D:5 |     311 |     210 |  40.3 |      14 |       3 |  17.6
        D:6 |     608 |      21 |   3.3 |      19 |       5 |  20.8
        D:7 |    1007 |       0 |   0.0 |      19 |       0 |   0.0
        D:8 |     222 |       0 |   0.0 |       3 |       0 |   0.0
      Sewer |       0 |     134 | 100.0 |       0 |      18 | 100.0
            +---------+---------+-------+---------+---------+-------
